Match 47084526
Unlisted

Match 47084526
End
Construct Section Command Post
Dingo Light Scout Car
Infantry Section
Infantry Section
Grenade Package
Infantry Section
Selects Heavy Armor Battlegroup
Selects Rigorous Vehicle Training
Construct Platoon Command Post
Unlock Bishop Self-propelled Artillery
Bishop Self-propelled Artillery
6-pounder Anti-tank Gun Team
AI Takeover
고라니
HAKA
GANDX
Selphid
Magnum Avocado
Dislocated Medic
CommieRed
Thank You Chef
0
0

Comments sign in to comment!

No comments posted yet!